 Dungeon Crawl Stone Soup version 0.18-a0-1253-g9e1c3a1 (webtiles) character file.

219 Jenkins the Magician (level 5, -1/28 HPs)
             Began as a Deep Elf Fire Elementalist on Feb 5, 2016.
             Was a Follower of Vehumet.
             Slain by a worker ant (7 damage)
             ... on level 4 of the Dungeon.
             The game lasted 00:22:32 (3536 turns).

Jenkins the Magician (Deep Elf Fire Elementalist)   Turns: 3536, Time: 00:22:32

Health: -1/28      AC:  7    Str:  5    XL:     5   Next: 64%
Magic:  13/14      EV: 13    Int: 21    God:    Vehumet [*.....]
Gold:   145        SH:  0    Dex: 15    Spells: 3 memorised, 8 levels left

rFire  . . .     SeeInvis .     l - +1 mace (protect)
rCold  . . .     Gourm    .     a - +0 robe
rNeg   . . .     Faith    .     (no shield)
rPois  .         Spirit   .     p - +0 hat
rElec  .         Dismiss  .     (no cloak)
rCorr  .         Reflect  .     (no gloves)
SustAt .         Harm     .     (no boots)
MR     .....                    (no amulet)
Stlth  ++........               (no ring)
                                (no ring)

@: lethally poisoned (-1 -> -10), not resistant to hostile enchantments,
unstealthy
A: no striking features
a: Renounce Religion


You were on level 4 of the Dungeon.
You worshipped Vehumet.
Vehumet was aware of your devotion.
You were not hungry.

You visited 1 branch of the dungeon, and saw 4 of its levels.

You collected 145 gold pieces.

Inventory:

Hand Weapons
 d - a +0 dagger
 i - a +0 dagger
 j - a +0 dagger
 l - a +1 mace of protection (weapon)
Missiles
 n - 2 javelins (quivered)
 y - 14 bolts of penetration
Armour
 a - a +0 robe (worn)
 p - a +0 hat (worn)
 u - a +0 animal skin
 v - a +0 helmet
Wands
 w - a wand of slowing (8/48)
Scrolls
 e - a scroll of teleportation
 g - a scroll of blinking {unknown}
 k - a scroll of magic mapping {unknown}
 q - 2 scrolls of recharging {unknown}
 r - 3 scrolls of identify
 t - a scroll of enchant armour {unknown}
 x - a scroll of fog {unknown}
 z - a scroll of random uselessness {unknown}
Potions
 m - a potion of curing {unknown}
 o - 2 potions of heal wounds {unknown}
 s - a potion of agility {unknown}
 A - a potion of berserk rage {unknown}
Books
 b - a book of Flames

   Spells                             Type                      Level
   a - Flame Tongue                   Conjuration/Fire             1
   b - Throw Flame                    Conjuration/Fire             2
   c - Conjure Flame                  Conjuration/Fire             3
   d - Inner Flame                    Hexes/Fire                   3
   e - Sticky Flame                   Conjuration/Fire             4
   f - Fireball                       Conjuration/Fire             5
Comestibles
 c - a bread ration
 f - a beef jerky
 h - 2 meat rations


   Skills:
 + Level 0.1 Maces & Flails
 + Level 2.5 Dodging
 + Level 2.8 Stealth
 + Level 5.3 Spellcasting
 + Level 2.7 Conjurations
 + Level 0.3 Hexes
 + Level 5.0 Fire Magic


You had 8 spell levels left.
You knew the following spells:

 Your Spells              Type           Power        Failure   Level  Hunger
a - Flame Tongue          Conj/Fire      ###..        1%          1    None
b - Throw Flame           Conj/Fire      ###...       3%          2    None
c - Inner Flame           Hex/Fire       ###.....     12%         3    ##.....


Dungeon Overview and Level Annotations

Branches:
Dungeon (4/15)
 Temple: D:4-7

Altars:
Vehumet
Yredelemnul


Message History

The worker ant poisons you!
You closely miss the worker ant.
The worker ant is moderately wounded.
You feel sick. The worker ant bites you.
* * * LOW HITPOINT WARNING * * *
The worker ant bites you but does no damage.
You hit the worker ant.
The worker ant is moderately wounded.
* * * LOW HITPOINT WARNING * * *
You feel sick.
The worker ant bites you but does no damage.
Casting: Flame Tongue
Confirm with . or Enter, or press ? or * to list all spells.
Aiming: Flame Tongue
Press: ? - help, Shift-Dir - straight line, f - worker ant
Aim: a worker ant (moderately wounded)
The flame tongue hits the worker ant.
The worker ant is almost dead.
The worker ant bites you!
You die...

##.....##
##........#
##<..##
......##.# ##'##
#.....##.# #.#
#..#.###.#
##.####
#.##..#.###.#
#<....#
#...........#
#.....#
#####.#######
.......#######.#
###...........a@#
#.....#########
##.#### #.# #.#


You could see a worker ant.

Vanquished Creatures
  An orc priest (D:3)
  An orc wizard (D:3)
  Jessica (D:2)
  Robin (D:2)
  3 adders
  An adder skeleton (D:3)
  3 worms (D:3)
  2 giant geckos
  5 orcs (D:3)
  5 bats
  5 giant cockroaches
  13 goblins
  9 hobgoblins
  6 jackals
  A ball python (D:3)
  A giant gecko skeleton (D:3)
  6 giant newts
  11 kobolds
  2 rats (D:3)
  A spectral orc (D:2)
78 creatures vanquished.

Notes
Turn   | Place    | Note
--------------------------------------------------------------
     0 | D:1      | Jenkins the Deep Elf Fire Elementalist began the quest for the Orb.
     0 | D:1      | Reached XP level 1. HP: 10/10 MP: 6/6
   198 | D:1      | Reached XP level 2. HP: 15/15 MP: 4/8
   356 | D:1      | Learned a level 2 spell: Throw Flame
   691 | D:2      | Noticed Jessica
   696 | D:2      | Killed Jessica
   696 | D:2      | Reached skill level 4 in Spellcasting
   696 | D:2      | Reached XP level 3. HP: 19/19 MP: 4/10
   789 | D:2      | Noticed Robin
  1027 | D:2      | Found a radiant altar of Vehumet.
  1059 | D:2      | Became a worshipper of Vehumet
  1067 | D:2      | Reached XP level 4. HP: 24/24 MP: 10/12
  1678 | D:2      | Found a basalt altar of Yredelemnul.
  1693 | D:2      | Killed Robin
  2072 | D:2      | Reached * piety under Vehumet
  2072 | D:2      | Offered knowledge of Magic Dart by Vehumet.
  2106 | D:2      | Learned a level 3 spell: Inner Flame
  2800 | D:3      | Reached XP level 5. HP: 28/28 MP: 11/14
  3175 | D:3      | Reached skill level 5 in Spellcasting
  3182 | D:3      | Reached skill level 5 in Fire Magic
  3536 | D:4      | Slain by a worker ant

Vault maps used:
D:1:      scummos_arrival_forest
D:2:      lemuel_crystal_altar, yredelemnul_forgotten_temple_becter,
          uniq_jessica, uniq_robin
D:3:      minmay_surrounded
D:4:      kennysheep_little_box, first_bread

Action                   |  1- 3 |  4- 6 || total
-------------------------+-------+-------++-------
Melee: Mace              |       |    26 ||    26
 Cast: Flame Tongue      |    40 |    65 ||   105
       Throw Flame       |     6 |    34 ||    40
       Inner Flame       |       |     1 ||     1
  Use: Scroll            |       |     2 ||     2
  Eat: Fruit             |       |     7 ||     7
       Bread ration      |       |     1 ||     1
       Beef jerky        |       |     1 ||     1
